 Dungeon Crawl Stone Soup version 0.17-a0-1633-g92a3a4e (webtiles) character file.

308 nrokreffefp the Slasher (level 6, -11/49 HPs)
             Began as a Demonspawn Fighter on Aug 4, 2015.
             Mangled by an ogre
             ... wielding a +0 giant club
              (23 damage)
             ... on level 4 of the Dungeon.
             The game lasted 00:08:07 (3021 turns).

nrokreffefp the Slasher (Demonspawn Fighter)        Turns: 3021, Time: 00:08:07

Health: -11/49     AC: 10    Str: 19    XL:     6   Next: 17%
Magic:  6/6        EV:  7    Int:  9    God:
Gold:   222        SH:  9    Dex: 12    Spells: 0 memorised, 5 levels left

rFire  . . .     SeeInvis .     a - +0 long sword
rCold  . . .     Clarity  .     b - +0 scale mail
rNeg   . . .     SustAt   .     c - +0 shield
rPois  .         Gourm    .     (helmet restricted)
rElec  .         Spirit   .     (no cloak)
rCorr  .         Warding  .     (no gloves)
rMut   .         Stasis   .     f - +0 pair of boots
MR     .....                    (no amulet)
Stlth  ..........               (no ring)
                                (no ring)

@: not resistant to hostile enchantments, extremely unstealthy
A: horns 1, thin metallic scales 2
a: no special abilities


You were on level 4 of the Dungeon.
You were not hungry.

You visited 1 branch of the dungeon, and saw 4 of its levels.

You collected 222 gold pieces.

Inventory:

Hand weapons
 a - a +0 long sword (weapon)
Armour
 b - a +0 scale mail (worn)
 c - a +0 shield (worn)
 f - a +0 pair of boots (worn)
Magical devices
 d - a wand of enslavement (1)
 k - a wand of draining (12)
 n - a wand of flame (36)
 o - a wand of fireball (10)
Scrolls
 h - 3 scrolls of teleportation
 j - a scroll of recharging
 l - 3 scrolls of remove curse
Potions
 i - 4 potions of heal wounds {unknown}
 p - a potion of poison {unknown}
 q - a potion of might
Comestibles
 e - 3 bread rations
 g - 3 chunks of flesh
 m - 2 meat rations


   Skills:
 + Level 4.5 Fighting
 * Level 5.1 Long Blades
 - Level 2.6 Armour
 - Level 2.6 Shields


You had 5 spell levels left.
You didn't know any spells.

Dungeon Overview and Level Annotations

Branches:
Dungeon (4/15)
 Temple: D:4-7

Altars:
Kikubaaqudgha
Nemelex Xobeh
Sif Muna
The Shining One


Innate Abilities, Weirdness & Mutations

You have a pair of small horns on your head.
You are mostly covered in thin metallic scales (AC +3).


Message History

Ouch! That really hurt!
You hit the ogre.
The ogre is severely wounded.
The ogre barely misses you.
You hit the ogre but do no damage.
The ogre is severely wounded.
The ogre hits you with a giant club!
* * * LOW HITPOINT WARNING * * *
You are too injured to fight recklessly!
You are too injured to fight recklessly!
You barely miss the ogre. Your headbutt misses the ogre.
The ogre is severely wounded.
The ogre hits you but does no damage.
You hit the ogre but do no damage.
The ogre is severely wounded.
You block the ogre's attack.
You hit the ogre but do no damage.
The ogre is severely wounded.
The ogre hits you with a giant club!!
You die...

##... ...# ...#
...### # #.....
.# #.##.# ..
#.##.# .#
#.#)##.####..#...
#.......@Ol.!...!
###.#)#####......
#.#[# .###. #.#.#
# #.#.# #.#.#
#.#.# #.#.# #<#


You could see an ogre and a giant gecko.

Vanquished Creatures
  Sigmund (D:3)
  Ijyb (D:3)
  An iguana (D:4)
  2 adders
  A worm (D:2)
  2 adder skeletons (D:4)
  2 giant geckos
  5 orcs
  9 goblins
  5 hobgoblins
  5 jackals
  7 kobolds
  2 quokkas
  10 bats
  3 giant cockroaches
  A giant gecko skeleton (D:4)
  5 giant newts
  2 quokka skeletons (D:4)
  10 rats
74 creatures vanquished.

Notes
Turn   | Place    | Note
--------------------------------------------------------------
     0 | D:1      | nrokreffefp the Demonspawn Fighter began the quest for the Orb.
     0 | D:1      | Reached XP level 1. HP: 18/18 MP: 1/1
   183 | D:1      | Gained mutation: You have a pair of small horns on your head. [demonic ancestry]
   183 | D:1      | Reached XP level 2. HP: 17/24 MP: 2/2
   796 | D:2      | Found a sparkling altar of Nemelex Xobeh.
   799 | D:2      | Found an ancient bone altar of Kikubaaqudgha.
   803 | D:2      | Reached XP level 3. HP: 29/29 MP: 3/3
  1618 | D:2      | Found a deep blue altar of Sif Muna.
  1991 | D:3      | Gained mutation: You are partially covered in thin metallic scales (AC +2). [demonic ancestry]
  1991 | D:3      | Reached XP level 4. HP: 33/37 MP: 4/4
  2001 | D:3      | Noticed Ijyb
  2014 | D:3      | Killed Ijyb
  2130 | D:3      | Noticed Sigmund
  2161 | D:3      | Killed Sigmund
  2161 | D:3      | Reached skill level 4 in Fighting
  2161 | D:3      | Gained mutation: You are mostly covered in thin metallic scales (AC +3). [demonic ancestry]
  2161 | D:3      | Reached XP level 5. HP: 14/43 MP: 5/5
  2451 | D:3      | Reached XP level 6. HP: 49/49 MP: 6/6
  2595 | D:3      | Found a glowing golden altar of the Shining One.
  2792 | D:4      | Reached skill level 5 in Long Blades
  3021 | D:4      | Mangled by an ogre

Vault maps used:
D:1:      eino_arrival_cavern_d
D:2:      lemuel_round_altar, grunt_temple_overflow_open, serial_bayou,
          serial_bayou_shore_b, serial_bayou_pond_a, serial_bayou_pond_e,
          serial_bayou_pond_a, first_bread, hangedman_decor_points,
          grunt_ministairs_5
D:3:      tso_oasis_becter, uniq_sigmund, uniq_iyjb
D:4:      minmay_misc_feat_room, tgw_xom

Action                   |  1- 3 |  4- 6 || total
-------------------------+-------+-------++-------
Melee: Long sword        |   204 |    81 ||   285
  Use: Scroll            |     4 |       ||     4
       Potion            |       |     2 ||     2
  Eat: Chunk             |     4 |     3 ||     7
